 Dungeon Crawl Stone Soup version 0.27.1-33-g824d729ab1 (webtiles) character file.

Game seed: 13255121209576278828

1539 jlumianski the Shield-Bearer (level 8, -1/50 HPs)
             Began as a Gargoyle Fighter on Dec 5, 2021.
             Killed by divine providence
             ... invoked by an orc priest
              (12 damage)
             ... on level 5 of the Dungeon.
             The game lasted 00:29:04 (6704 turns).

jlumianski the Shield-Bearer (Gargoyle Fighter)     Turns: 6704, Time: 00:29:05

Health: -1/50      AC: 21    Str: 22    XL:     8   Next: 86%
Magic:  8/8        EV: 21    Int:  9    God:
Gold:   55         SH: 10    Dex:  9    Spells: 7/7 levels left

rFire    . . .     SeeInvis .   a - +0 war axe
rCold    . . .     Faith    .   c - +0 kite shield
rNeg     + . .     Spirit   .   A - +0 chain mail
rPois    ∞         Reflect  .   l - +0 helmet
rElec    +         Harm     .   s - +0 cloak
rCorr    .         Rampage  .   p - +0 pair of gloves
Will     .....                  w - +1 pair of boots {Fly}
Stlth    ..........             n - amulet of the acrobat
HPRegen  0.16/turn              (no ring)
MPRegen  0.11/turn              (no ring)

@: acrobatic, flying
A: sickness immunity, AC +5, negative energy resistance 1, electricity
resistance, torment resistance 1, petrification resistance
a: no special abilities


You were on level 5 of the Dungeon.
You visited 1 branch of the dungeon, and saw 5 of its levels.

You collected 263 gold pieces.
You spent 208 gold pieces at shops.

Inventory:

Hand Weapons
 a - a +0 war axe (weapon)
 g - a +2 whip of draining
 r - a +2 quarterstaff of chaos
 u - a +0 whip of freezing
 v - a +0 hand crossbow
Missiles
 j - 94 bolts
 m - 59 stones (quivered)
 o - 31 sling bullets
Armour
 b - a +0 scale mail
 c - a +0 kite shield (worn)
 l - a +0 helmet (worn)
 p - a +0 pair of gloves (worn)
 s - a +0 cloak (worn)
 t - a +0 hat
 w - a +1 pair of boots of flying (worn)
 A - a +0 chain mail (worn)
Jewellery
 n - an amulet of the acrobat (around neck)
Scrolls
 d - a scroll of magic mapping
 f - 6 scrolls of teleportation
 k - a scroll of noise
 x - a scroll of enchant armour {unknown}
 y - a scroll of immolation {unknown}
 z - a scroll of amnesia {unknown}
Potions
 e - 3 potions of mutation
 h - a potion of magic {unknown}
 i - a potion of brilliance
 q - a potion of degeneration


   Skills:
 + Level 5.4 Fighting
 + Level 5.8 Axes
 + Level 2.4 Crossbows
 + Level 0.1 Throwing
 + Level 6.0 Armour
 + Level 2.2 Dodging
 + Level 1.2 Stealth
 + Level 6.2 Shields


You had 7 spell levels left.
You didn't know any spells.
Your spell library contained the following spells:

 Spells                   Type           Power      Damage    Failure   Level
 Animate Skeleton         Necr           0%         N/A       100%        1
 Apportation              Tloc           0%         N/A       100%        1
 Corona                   Hex            0%         N/A       100%        1
 Summon Small Mammal      Summ           0%         N/A       100%        1
 Gell's Gravitas          Tloc           0%         N/A       100%        3
 Teleport Other           Tloc           0%         N/A       100%        3
 Dispersal                Tloc           0%         N/A       100%        6


Dungeon Overview and Level Annotations

Branches:
Dungeon (5/15)
 Temple: D:4-7

Altars:
Fedhas
Nemelex Xobeh

Shops:
D:1 **[

Annotations:
D:5 2 transporters


Innate Abilities, Weirdness & Mutations

You are immune to sickness and miasma.
Your stone body is resilient. (AC +5)
You are immune to poison.
You resist negative energy. (rN+)
You are resistant to electric shocks. (rElec)
You are resistant to unholy torment.
You are immune to petrification.


Message History

The orc wizard hits you but does no damage.
The orc wizard gestures at you while chanting.
You are confused.
You bump into the rock wall.
The orc priest looks satisfied for a moment.
The orc wizard hits you but does no damage.
You bump into the rock wall.
You bump into the rock wall.
You bump into the rock wall.
The orc barely misses you.
The orc priest calls upon Beogh to heal the orc wizard.
The orc wizard's wounds heal themselves!
You bump into the rock wall.
The orc hits you but does no damage.
You're too confused to move!
The orc hits you but does no damage.
You bump into the rock wall.
You feel less confused. You block the orc's attack.
You closely miss the orc. The orc hits you but does no damage.
The orc priest calls down the wrath of Beogh upon you.
Beogh smites you! The orc hits you but does no damage.
You slash the orc!
You kill the orc!
The orc wizard hits you but does no damage.
You closely miss the orc wizard.
The orc wizard hits you but does no damage.
You hit the orc wizard.
The orc wizard is moderately wounded.
You block the orc wizard's attack.
You hit the orc wizard but do no damage.
The orc wizard is moderately wounded.
The orc wizard barely misses you.
The orc priest mumbles some strange prayers to Beogh against you.
Beogh smites you!
* * * LOW HITPOINT WARNING * * *
The orc wizard gestures at you while chanting.
You resist with some effort.
A scorpion comes into view.
The orc priest looks braver for a moment.
The orc priest calls down the wrath of Beogh upon you.
Beogh smites you!
You die...

#...####o###....n...
#.....Z....#...PPP..
#...o.##.###..ZP_P..
#....o#..###...P.PZ.
#..........#...#.#..
#.#####.....#.####..
#.# . #.......so..#.#
## #.# #######....##.#
##.### #..@..#.##
#...#. #.........#
#..... #.......#.#
#.....
########.........#
#.....
.................#..
######
########.....#.....# #
########....#.....# #
............#.....# #
#
.#.#######...#.....#.#
#


You could see a scorpion, an orc priest, an orc wizard, an orc and a howler
monkey skeleton.

Vanquished Creatures
  Sigmund (D:4)
  Duvessa (D:4)
  A black bear (D:4)
  2 necrophages
  An ogre (D:2)
  3 lemures (D:3)
  Blork the orc (D:4)
  2 scorpions
  Dowan (D:4)
  A hound (D:4)
  A jelly (D:4)
  A gnoll shaman (D:4)
  Crazy Yiuf (D:3)
  Natasha (D:1)
  2 iguanas (D:4)
  2 orc wizards
  A hound skeleton (D:4)
  6 adders
  7 gnolls
  2 ufetubi (D:5)
  2 dart slugs (D:2)
  11 orcs
  6 bats
  5 endoplasms
  3 giant cockroaches
  5 goblins
  3 hobgoblins
  2 jackals
  A quokka (D:2)
  10 ball pythons
  4 frilled lizards
  8 kobolds
  3 rats
101 creatures vanquished.

Vanquished Creatures (collateral kills)
  Pikel (D:4)
1 creature vanquished.

Vanquished Creatures (others)
  A bush (D:5)
  13 plants (D:5)
14 creatures vanquished.

Grand Total: 116 creatures vanquished

Notes
Turn   | Place    | Note
-------+----------+-------------------------------------------
     0 | D:1      | jlumianski the Gargoyle Fighter began the quest for the
                  | Orb.
     0 | D:1      | Reached XP level 1. HP: 14/14 MP: 1/1
   101 | D:1      | You fall into a shaft and drop 1 floor!
   182 | D:1      | Reached XP level 2. HP: 19/19 MP: 2/2
   325 | D:1      | Found Cuddimpe's Assorted Antiques.
   496 | D:1      | Found Tacwocec's Antique Armour Shoppe.
   657 | D:1      | Found Abraahil's General Store.
   665 | D:1      | Bought a scroll of identify for 28 gold pieces
   859 | D:2      | Reached XP level 3. HP: 23/23 MP: 3/3
   897 | D:2      | Noticed Natasha
   910 | D:1      | Killed Natasha
   911 | D:1      | Reached XP level 4. HP: 15/28 MP: 4/4
  1228 | D:2      | Found a faded altar of an unknown god.
  1889 | D:3      | Reached XP level 5. HP: 17/33 MP: 5/5
  2251 | D:4      | Noticed a lemure
  2251 | D:4      | Noticed a lemure
  2251 | D:4      | Noticed a lemure
  2252 | D:4      | Noticed Pikel
  2252 | D:4      | Noticed a lemure
  2274 | D:3      | Killed a lemure
  2550 | D:3      | Found a sparkling altar of Nemelex Xobeh.
  2620 | D:3      | Reached skill level 1 in Stealth
  2994 | D:3      | Found a runed translucent door.
  2995 | D:3      | Noticed Crazy Yiuf
  3003 | D:3      | Killed Crazy Yiuf
  3270 | D:3      | Killed a lemure
  3406 | D:3      | Killed a lemure
  3540 | D:4      | Noticed an ogre
  3943 | D:4      | Reached XP level 6. HP: 38/38 MP: 6/6
  3996 | D:3      | Reached skill level 1 in Dodging
  4082 | D:4      | Noticed a necrophage
  4089 | D:4      | Killed a necrophage
  4110 | D:4      | Noticed a black bear
  4116 | D:4      | Killed a black bear
  4117 | D:4      | Reached XP level 7. HP: 37/44 MP: 7/7
  4136 | D:4      | Killed Pikel
  4137 | D:4      | Reached skill level 5 in Shields
  4164 | D:4      | Noticed Duvessa
  4164 | D:4      | Noticed Dowan
  4252 | D:4      | Killed Duvessa
  4253 | D:4      | Reached skill level 5 in Axes
  4262 | D:4      | Killed Dowan
  4311 | D:4      | Reached XP level 8. HP: 32/48 MP: 8/8
  4450 | D:4      | Reached skill level 5 in Armour
  4486 | D:5      | Entered Level 5 of the Dungeon
  4622 | D:4      | Reached skill level 1 in Crossbows
  5175 | D:4      | Reached skill level 5 in Fighting
  5205 | D:4      | Noticed Sigmund
  5256 | D:4      | HP: 2/49 [Sigmund (3)]
  5261 | D:4      | Killed Sigmund
  5593 | D:4      | Noticed Blork the orc
  5607 | D:4      | Killed Blork the orc
  6121 | D:1      | Bought a pair of embroidered boots for 180 gold pieces
  6232 | D:5      | Found a transporter.
  6274 | D:5      | Found a transporter.
  6448 | D:5      | Found a blossoming altar of Fedhas.
  6704 | D:5      | Killed from afar by an orc priest

Illustrated notes

Levels and vault maps discovered:
D:1:      dpeg_chamrin_arrival_tetris, layout_loops_ring, serial_shops, shop,
          shop_coins, shop, serial_glass, glass_columns_a, glass_columns_b,
          glass_columns_a, glass_columns_a, glass_columns_a, glass_columns_b,
          glass_columns_b, glass_columns_a, minmay_misc_feat_doors,
          serial_bayou_pond_d
D:2:      layout_rooms, hellmonk_ecumenical_altar_heavens_door,
          minmay_pentomino_q2, uniq_natasha
D:3:      layout_loops_ring, nemelex_diamond_rough_becter,
          roderic_serpentine_path, uniq_crazy_yiuf_cottage
D:4:      layout_gridville, amcnicky_mini_pool_small, uniq_duvessa,
          uniq_blork_the_orc, uniq_sigmund, uniq_pikel
D:5:      gammafunk_steamed_eel, layout_basic, fedhas_altar_decomposition,
          st_stairs_12

Skill      XL: |  1  2  3  4  5  6  7  8 |
---------------+-------------------------+-----
Axes           | 2 3 4 5 |  5.8
Shields        | 4 5 6 |  6.2
Fighting       | 4 5 |  5.4
Stealth        | 1 |  1.2
Armour         | 4 6 |  6.0
Dodging        | 1 2 |  2.2
Crossbows      | 2 |  2.4
Throwing       | |  0.1

Action                   |  1- 3 |  4- 6 |  7- 9 || total
-------------------------+-------+-------+-------++-------
Melee: War axe           |    71 |   219 |   149 ||   439
       Hand crossbow     |       |       |     7 ||     7
 Fire: Hand crossbow     |       |       |    34 ||    34
Throw: Stone             |     4 |     1 |     2 ||     7
  Use: Scroll            |     3 |     6 |       ||     9
       Potion            |       |     1 |     6 ||     7
Armor: Scale mail        |    52 |   112 |    80 ||   244
       Chain mail        |       |       |    15 ||    15
Dodge: Dodged            |    33 |    91 |    61 ||   185
Block: Kite shield       |    55 |   137 |   109 ||   301
